 Dungeon Crawl Stone Soup version 0.24.0-7-gb3623d2c88 (webtiles) character file.

Game seed: 15558885721525153881, levelgen mode: deterministic

689 Aviak the Firebug (level 7, -6/51 HPs)
             Began as a Gnoll Fire Elementalist on Nov 2, 2019.
             Was an Initiate of Vehumet.
             Killed by divine providence
             ... invoked by an orc priest
              (13 damage)
             ... on level 4 of the Dungeon.
             The game lasted 00:10:26 (4706 turns).

Aviak the Firebug (Gnoll Fire Elementalist)         Turns: 4706, Time: 00:10:26

Health: -6/51      AC:  5    Str: 10    XL:     7   Next: 63%
Magic:  2/15       EV: 16    Int: 19    God:    Vehumet [......]
Gold:   222        SH:  0    Dex: 18    Spells: 1/17 levels left

rFire    + . .     SeeInvis .   b - +0 dagger
rCold    + . .     Gourm    .   (no shield)
rNeg     . . .     Faith    .   a - +0 robe
rPois    +         Spirit   .   m - +1 helmet
rElec    +         Reflect  .   (no cloak)
rCorr    +         Harm     .   (no gloves)
MR       .....     Clarity  +   q - +0 pair of boots
Stlth    +++.......             (no amulet)
HPRegen  0.17/turn              (no ring)
MPRegen  0.14/turn              (no ring)

@: resistant, very slightly contaminated
A: distributed training, fangs 1, agile 1, clarity, strong nose
a: Renounce Religion


You were on level 4 of the Dungeon.
You worshipped Vehumet.
Vehumet was noncommittal.
You were not hungry.

You visited 2 branches of the dungeon, and saw 5 of its levels.

You collected 222 gold pieces.

Inventory:

Hand Weapons
 b - a +0 dagger (weapon)
 k - a +1 antimagic dagger
Armour
 a - a +0 robe (worn)
 m - a +1 helmet (worn)
 q - a +0 pair of boots (worn)
Magical Staves
 u - an uncursed staff of summoning {!a}
Jewellery
 n - a -3 ring of dexterity
Wands
 v - a wand of random effects (7)
Scrolls
 i - a scroll of identify
 j - 2 scrolls of immolation
 r - 2 scrolls of remove curse
 t - 4 scrolls of teleportation
Potions
 c - a potion of curing
 d - a potion of flight
 e - a potion of might
 l - a potion of cancellation
Comestibles
 z - 2 rations


   Skills:
 + Level 2.5 Fighting
 + Level 2.5 Short Blades
 + Level 2.5 Long Blades
 + Level 2.5 Axes
 + Level 2.5 Maces & Flails
 + Level 2.5 Polearms
 + Level 2.5 Staves
 + Level 2.5 Slings
 + Level 2.5 Bows
 + Level 2.5 Crossbows
 + Level 2.5 Throwing
 + Level 2.5 Armour
 + Level 5.3 Dodging
 + Level 4.9 Stealth
 + Level 2.5 Shields
 + Level 2.5 Unarmed Combat
 + Level 5.6 Spellcasting
 + Level 3.0 Conjurations
 + Level 2.1 Hexes
 + Level 2.1 Charms
 + Level 2.1 Summonings
 + Level 2.1 Necromancy
 + Level 2.1 Translocations
 + Level 2.1 Transmutations
 + Level 5.8 Fire Magic
 + Level 2.1 Ice Magic
 + Level 2.1 Air Magic
 + Level 2.1 Earth Magic
 + Level 2.1 Poison Magic
 + Level 2.8 Invocations
 + Level 2.5 Evocations


You had one spell level left.
You knew the following spells:

 Your Spells              Type           Power        Failure   Level  Hunger
a - Flame Tongue          Conj/Fire      ###..        1%          1    None
b - Throw Flame           Conj/Fire      ###...       2%          2    None
c - Sticky Flame          Conj/Fire      ###.....     19%         4    ####...
d - Conjure Flame         Conj/Fire      ###.....     5%          3    ##.....
e - Dazzling Spray        Conj/Hex       ###...       12%         3    ##.....
q - Confuse               Hex            ##......     14%         3    ##.....

Your spell library contained the following spells:

 Spells                   Type           Power        Failure   Level  Hunger
 Corona                   Hex            ##.....      4%          1    None
 Inner Flame              Hex/Fire       ###.....     7%          3    ##.....
 Ensorcelled Hibernation  Hex/Ice        ##....       8%          2    None
 Tukima's Dance           Hex            ##......     14%         3    ##.....
 Fireball                 Conj/Fire      ###.......   45%         5    #####..


Dungeon Overview and Level Annotations

Branches:
Dungeon (4/15)             Temple (1/1) D:4

Altars:
Dithmenos
Fedhas
Gozag
Hepliaklqana
Nemelex Xobeh
Ru
Trog
Uskayaw
Vehumet
Wu Jian
Xom
Yredelemnul
Zin
The Shining One

Shops:
D:2 *


Innate Abilities, Weirdness & Mutations

Your experience applies equally to all skills.
You have very sharp teeth.
Your uncanny sense of smell can sniff out nearby items.
You are agile. (Dex +2)
You possess an exceptional clarity of mind.


Message History

Aim: an orc priest The orc priest flickers and vanishes!
Something barely misses you. The hound bites you but does no damage.
Something hits you.
* * * LOW HITPOINT WARNING * * *
The hound bites you.
* * * LOW HITPOINT WARNING * * *
Something hits you but does no damage.
Unknown command.
Unknown command.
You hit something. You bite something. The hound misses you.
Something hits you but does no damage.
You hit something. Vehumet accepts your kill.
Reactivating autopickup.
You feel a bit more experienced. The hound bites you but does no damage.
Deactivating autopickup; reactivate with Ctrl-A.
You miss something. You bite something. The hound bites you but does no damage.
You hear something invoke the aid of Beogh against you.
Beogh smites you!
You die...

##### ### #..... ####
###.###......
#...#######....))%.....
#...##...............
#.......#####......
#.oh##### ..... ##)@##
.... #...# ... ##..# ..
#..## . ##..# #..#
#..## ##..# #..##


You could see a hound and an orc.

Vanquished Creatures
  2 ogres (D:4)
  A scorpion (D:4)
  A crimson imp (D:3)
  2 orc wizards (D:4)
  6 orc priests
  A worker ant (D:4)
  3 gnolls (D:4)
  7 adders
  An adder skeleton (D:4)
  A worm (D:2)
  2 leopard geckos (D:4)
  11 orcs
  2 ball pythons (D:3)
  4 giant cockroaches
  9 goblins
  8 hobgoblins
  5 jackals (D:3)
  6 kobolds
  8 bats
  A frilled lizard (D:1)
  2 hobgoblin zombies (D:4)
  A kobold zombie (D:4)
  2 orc skeletons (D:4)
  An orc zombie (D:4)
  5 rats
92 creatures vanquished.

Notes
Turn   | Place    | Note
-------+----------+-------------------------------------------
     0 | D:1      | Aviak the Gnoll Fire Elementalist began the quest for the
                  | Orb.
     0 | D:1      | Reached XP level 1. HP: 13/13 MP: 6/6
   237 | D:1      | Reached XP level 2. HP: 19/19 MP: 5/7
  1042 | D:2      | Reached skill level 5 in Spellcasting
  1042 | D:2      | Reached XP level 3. HP: 24/25 MP: 2/9
  1044 | D:2      | Reached skill level 1 in Invocations
  1177 | D:2      | Found Gozag's Platinum Reserve.
  1197 | D:2      | Found an opulent altar of Gozag.
  1236 | D:2      | Reached skill level 1 in Fighting
  1236 | D:2      | Reached skill level 1 in Short Blades
  1236 | D:2      | Reached skill level 1 in Long Blades
  1236 | D:2      | Reached skill level 1 in Axes
  1236 | D:2      | Reached skill level 1 in Maces & Flails
  1236 | D:2      | Reached skill level 1 in Polearms
  1236 | D:2      | Reached skill level 1 in Staves
  1236 | D:2      | Reached skill level 1 in Slings
  1236 | D:2      | Reached skill level 1 in Bows
  1236 | D:2      | Reached skill level 1 in Crossbows
  1236 | D:2      | Reached skill level 1 in Throwing
  1236 | D:2      | Reached skill level 1 in Armour
  1236 | D:2      | Reached skill level 1 in Shields
  1236 | D:2      | Reached skill level 1 in Unarmed Combat
  1236 | D:2      | Reached skill level 1 in Evocations
  1280 | D:2      | Reached XP level 4. HP: 31/32 MP: 11/11
  1672 | D:2      | Found a hazy altar of Hepliaklqana.
  1946 | D:3      | Learned a level 2 spell: Throw Flame
  1947 | D:3      | Reached skill level 1 in Hexes
  1947 | D:3      | Reached skill level 1 in Charms
  1947 | D:3      | Reached skill level 1 in Summonings
  1947 | D:3      | Reached skill level 1 in Necromancy
  1947 | D:3      | Reached skill level 1 in Translocations
  1947 | D:3      | Reached skill level 1 in Transmutations
  1947 | D:3      | Reached skill level 1 in Ice Magic
  1947 | D:3      | Reached skill level 1 in Air Magic
  1947 | D:3      | Reached skill level 1 in Earth Magic
  1947 | D:3      | Reached skill level 1 in Poison Magic
  1947 | D:3      | Reached XP level 5. HP: 37/37 MP: 9/12
  1956 | D:3      | Learned a level 3 spell: Conjure Flame
  2280 | D:3      | Found a blossoming altar of Fedhas.
  2629 | D:3      | Learned a level 4 spell: Sticky Flame
  2749 | D:4      | Found a staircase to the Ecumenical Temple.
  2754 | D:4      | Reached XP level 6. HP: 44/44 MP: 13/13
  2787 | Temple   | Entered the Ecumenical Temple
  2993 | Temple   | Became a worshipper of Vehumet
  3021 | D:4      | Found a glowing golden altar of the Shining One.
  3045 | D:4      | Reached skill level 5 in Dodging
  3209 | D:4      | HP: 1/44 [orc wizard/magic dart (9)]
  3277 | D:4      | Reached XP level 7. HP: 21/50 MP: 1/15
  4197 | D:4      | Learned a level 3 spell: Dazzling Spray
  4201 | D:4      | Learned a level 3 spell: Confuse
  4699 | D:4      | Gained mutation: You possess an exceptional clarity of
                  | mind. [potion of mutation]
  4699 | D:4      | Gained mutation: You are agile. (Dex +2) [potion of
                  | mutation]
  4706 | D:4      | Killed from afar by an orc priest

Levels and vault maps discovered:
D:1:      tarquinn_simple_flora_water_c, layout_basic
D:2:      layout_basic, lemuel_coloured_pillars_altar,
          nicolae_gozag_zags_fifth_avenue
D:3:      layout_loops_ring, fedhas_altar_3, guppyfry_early_lair_pool
D:4:      layout_cave_pods, nicolae_tso_besieged_by_evil,
          minmay_temple_entry_statues_fountains, tgw_xom
Temple:   dpeg_chambers_temple

Skill      XL: |  1  2  3  4  5  6  7 |
---------------+----------------------+-----
Conjurations   | 2 3 |  3.0
Spellcasting   | 5 |  5.6
Invocations    | 1 2 |  2.8
Fighting       | 1 2 |  2.5
Short Blades   | 1 2 |  2.5
Long Blades    | 1 2 |  2.5
Axes           | 1 2 |  2.5
Maces & Flails | 1 2 |  2.5
Polearms       | 1 2 |  2.5
Staves         | 1 2 |  2.5
Slings         | 1 2 |  2.5
Bows           | 1 2 |  2.5
Crossbows      | 1 2 |  2.5
Throwing       | 1 2 |  2.5
Armour         | 1 2 |  2.5
Shields        | 1 2 |  2.5
Unarmed Combat | 1 2 |  2.5
Evocations     | 1 2 |  2.5
Hexes          | 1 2 |  2.1
Charms         | 1 2 |  2.1
Summonings     | 1 2 |  2.1
Necromancy     | 1 2 |  2.1
Translocations | 1 2 |  2.1
Transmutations | 1 2 |  2.1
Ice Magic      | 1 2 |  2.1
Air Magic      | 1 2 |  2.1
Earth Magic    | 1 2 |  2.1
Poison Magic   | 1 2 |  2.1
Dodging        | 5 |  5.3
Stealth        | |  4.9
Fire Magic     | |  5.8

Action                   |  1- 3 |  4- 6 |  7- 9 || total
-------------------------+-------+-------+-------++-------
Melee: Unarmed           |     6 |       |       ||     6
       Dagger            |    56 |    69 |   324 ||   449
       Bite              |     4 |     3 |    32 ||    39
       Punch             |       |     1 |     2 ||     3
 Cast: Flame Tongue      |    26 |    59 |     1 ||    86
       Conjure Flame     |       |     3 |       ||     3
       Throw Flame       |       |     4 |       ||     4
       Sticky Flame      |       |     3 |     3 ||     6
       Dazzling Spray    |       |       |     4 ||     4
       Confuse           |       |       |     2 ||     2
Evoke: Wand              |       |    12 |     8 ||    20
  Use: Scroll            |     2 |     9 |       ||    11
       Potion            |       |     2 |     3 ||     5
 Stab: Sleeping          |     4 |     8 |       ||    12
       Confused          |       |       |     1 ||     1
       Invisible         |       |       |     1 ||     1
  Eat: Chunk             |     1 |     6 |       ||     7
       Ration            |       |       |     2 ||     2
Armor: Robe              |    17 |    13 |    84 ||   114
Dodge: Dodged            |    75 |    97 |   191 ||   363
